Map: Oxide LE

Players

jheffe

  • Race: Terran Terran
  • League: Master
  • Spawn Location: 1:00

TLO - Winner!

  • Race: Zerg Zerg
  • League: Master
  • Spawn Location: 7:00

Event: DreamHack SC2 Masters 2020 Winter

VOD

Have the link to the VOD?

Description

Time

  • Played on: Oct. 15, 2020, 7:36 p.m.
  • Length: 11:58

All games in this series

Show
View Real Time Build Order
Export as new Build Order

jheffe Terran 

Build Orders: Reaper Expand 

Get SALT Encoding   

  12  0:00  SCV  
  14  0:16  SCV  
  14  0:17  Supply Depot  
  14  0:28  SCV  
  15  0:40  SCV  
  15  0:41  Barracks  
  16  0:47  Refinery  
  16  0:52  SCV  
  17  1:04  SCV  
  18  1:17  SCV  
  19  1:29  Reaper  
  19  1:30  Orbital Command  
  20  1:40  Command Center  
  20  1:49  Supply Depot  
  20  1:55  SCV  
  20  2:01  Marine  
  21  2:08  SCV  
  23  2:13  Factory  
  24  2:24  SCV  
  24  2:25  Barracks Reactor  
  24  2:36  SCV  
  25  2:41  Command Center  
  25  2:49  SCV  
  26  2:54  Orbital Command  
  25  3:06  SCV  
  25  3:09  Hellion x2  
  25  3:11  Barracks Tech Lab  
  30  3:18  SCV  
  31  3:21  SCV  
  32  3:30  Hellion  
  32  3:31  SCV, Hellion  
  37  3:34  Stimpack  
  37  3:36  SCV  
  37  3:38  Refinery  
  38  3:43  SCV  
  39  3:48  SCV  
  39  3:55  SCV  
  39  3:58  Barracks  
  39  3:59  Orbital Command  
  39  4:00  SCV, Barracks  
  39  4:01  Factory Reactor  
  41  4:04  Marine  
  41  4:08  SCV  
  43  4:16  SCV  
  44  4:20  SCV  
  45  4:26  Engineering Bay x2  
  45  4:36  SCV  
  45  4:40  SCV x2  
  45  4:42  Starport  
  45  4:43  Factory Reactor  
  45  4:44  Refinery  
  45  4:45  Refinery  
  47  4:48  SCV  
  47  4:52  SCV x2  
  50  4:53  Supply Depot  
  50  4:54  Supply Depot  
  50  4:59  Marine x4  
  53  5:00  SCV  
  53  5:04  Supply Depot, Terran Infantry Armor Level 1, Terran Infantry Weapons Level 1  
  53  5:05  SCV x2  
  57  5:10  Marine  
  58  5:14  SCV  
  58  5:16  Supply Depot  
  58  5:20  Marine x4  
  63  5:35  Marine  
  60  5:38  Marine x4  
  60  5:40  Combat Shield, Orbital Command  
  60  5:41  SCV  
  63  5:44  SCV, Factory Reactor  
  63  5:47  Medivac x2  
  66  5:53  SCV  
  67  5:59  SCV, Barracks, Marine x4  
  67  6:00  Marine, Barracks, Supply Depot  
  67  6:01  Supply Depot  
  73  6:05  SCV  
  73  6:08  SCV  
  73  6:11  SCV  
  76  6:17  SCV, Marine x3  
  80  6:20  SCV  
  80  6:23  SCV  
  80  6:25  Armory  
  81  6:33  Marine x2  
  81  6:35  Widow Mine x2, Marine x2  
  81  6:37  SCV x3  
  92  6:40  Marine  
  92  6:42  Medivac x2  
  92  6:43  Supply Depot x2  
  91  6:49  SCV  
  91  6:50  Orbital Command  
  91  6:51  Marine  
  91  7:04  Marine x3  
  91  7:05  Barracks Reactor  
  91  7:06  Widow Mine x2  
  90  7:10  SCV x2  
  90  7:12  Medivac x2, Terran Infantry Armor Level 2, Terran Infantry Weapons Level 2  
  85  7:16  Marine  
  85  7:17  SCV, Barracks Reactor  
  85  7:22  SCV x2  
  88  7:24  Supply Depot  
  88  7:25  Marine x2  
  88  7:26  Marine  
  87  7:35  SCV  
  87  7:36  SCV x2  
  86  7:48  SCV x3  
  89  7:51  Marine  
  89  7:52  Marine x6  
  89  7:53  Medivac x2  
  100  7:58  Supply Depot  
  100  7:59  Widow Mine  
  100  8:00  SCV x2  
  100  8:01  SCV  
  105  8:12  SCV  
  106  8:15  Marine x3  
  106  8:16  Marine x4  
  106  8:17  SCV  
  109  8:20  SCV  
  109  8:23  Widow Mine x2, Command Center  
  109  8:24  SCV  
  109  8:26  Supply Depot  
  115  8:29  Supply Depot, SCV  
  115  8:32  SCV  
  115  8:33  Marine x2  
  119  8:36  SCV  
  119  8:38  Supply Depot  
  119  8:39  Supply Depot  
  120  8:41  SCV  
  120  8:44  Marine x4  
  121  8:49  Widow Mine x2  
  123  8:55  Marine  
  123  8:56  Marine, Medivac x2  
  123  9:01  Marine  
  123  9:02  Marine  
  131  9:06  Factory  
  131  9:10  Supply Depot  
  131  9:12  Supply Depot  
  131  9:13  SCV  
  131  9:14  Refinery  
  131  9:15  Refinery  
  131  9:16  Marine x3  
  131  9:17  Marine  
  135  9:23  Factory Tech Lab  
  135  9:27  Marine x3  
  138  9:36  Marine x2  
  138  9:38  Barracks  
  140  9:39  Barracks  
  140  9:42  Barracks  
  140  9:46  Siege Tank  
  140  9:47  Medivac x2  
  145  10:13  Marine x5  
  146  10:18  Siege Tank, Planetary Fortress  
  146  10:19  Factory Tech Lab  
  146  10:20  Marine x4  
  145  10:30  Marine x2  
  146  10:38  Marine x7  
  146  10:40  Siege Tank  
  143  10:48  Marine x2  
  133  10:50  Siege Tank  
  133  10:56  Marine x7  
  141  11:06  Marine x2  
  141  11:10  SCV  
  141  11:11  SCV x3  
  144  11:12  Siege Tank  
  144  11:14  Marine x7  
  154  11:22  Siege Tank  
  154  11:24  Marine x2  
  150  11:31  Marine  
  150  11:32  Marine x4  
  130  11:34  Marine x2  
  130  11:35  SCV x2  
  130  11:36  SCV  
Show
View Real Time Build Order
Export as new Build Order

TLO Zerg - Winner!

Build Orders: Hatch First, Lurkers 

Get SALT Encoding   

  12  0:00  Drone  
  13  0:13  Overlord  
  13  0:17  Drone  
  14  0:31  Drone x2  
  16  0:48  Hatchery  
  15  0:51  Drone  
  15  0:54  Drone  
  17  0:58  Drone  
  17  1:03  Extractor  
  17  1:12  Spawning Pool  
  17  1:15  Drone  
  17  1:19  Drone  
  18  1:28  Drone  
  19  1:39  Drone  
  20  1:50  Drone  
  21  1:59  Zergling x2  
  21  2:00  Queen x2  
  26  2:03  Metabolic Boost  
  26  2:05  Overlord  
  26  2:10  Zergling x2  
  26  2:14  Drone  
  28  2:22  Extractor  
  28  2:27  Hatchery  
  27  2:32  Drone  
  27  2:34  Drone  
  27  2:35  Drone  
  30  2:43  Queen  
  32  2:48  Overlord  
  32  2:51  Drone  
  32  2:54  Drone  
  32  2:55  Drone  
  34  3:01  Drone  
  35  3:05  Overlord  
  35  3:07  Drone  
  35  3:10  Drone  
  37  3:13  Roach Warren  
  37  3:17  Drone  
  37  3:18  Drone  
  38  3:20  Drone  
  38  3:24  Overlord  
  39  3:28  Zergling x2  
  40  3:34  Drone  
  40  3:40  Drone  
  41  3:42  Queen  
  41  3:43  Drone x2  
  41  3:47  Drone x2  
  47  3:49  Drone  
  47  3:51  Queen  
  47  3:52  Evolution Chamber, Drone  
  51  3:57  Zergling x4  
  51  3:59  Drone x2  
  51  4:01  Drone  
  51  4:02  Drone  
  57  4:06  Drone, Evolution Chamber  
  57  4:08  Drone  
  58  4:11  Zergling x2  
  58  4:16  Spore Crawler  
  57  4:19  Drone, Zergling x2  
  57  4:20  Drone  
  57  4:23  Zerg Ground Armor Level 1  
  60  4:24  Drone  
  60  4:27  Drone  
  60  4:30  Drone  
  63  4:32  Overlord x2  
  63  4:34  Drone  
  63  4:37  Drone  
  63  4:38  Extractor  
  64  4:39  Overlord  
  64  4:40  Drone  
  64  4:43  Zerg Melee Weapons Level 1  
  65  4:46  Drone  
  65  4:48  Overlord  
  66  4:54  Drone  
  66  4:56  Drone x2  
  66  4:58  Drone  
  70  5:02  Drone  
  70  5:04  Drone x2  
  73  5:07  Hatchery  
  73  5:09  Drone  
  73  5:10  Zergling x2  
  73  5:13  Lair, Extractor  
  73  5:15  Zergling x4  
  73  5:16  Drone x2  
  77  5:23  Zergling x2  
  77  5:24  Zergling x2  
  77  5:30  Zergling x2  
  77  5:32  Zergling x2  
  77  5:33  Zergling x2  
  78  5:38  Baneling Nest  
  78  5:40  Zergling x16  
  78  5:42  Zergling x2  
  85  5:45  Drone, Zergling x2  
  85  5:47  Drone  
  88  5:50  Drone  
  88  5:51  Hatchery  
  88  5:52  Drone  
  88  5:55  Drone  
  90  6:00  Overlord  
  90  6:03  Zergling x2  
  91  6:06  Pneumatized Carapace  
  91  6:08  Drone  
  91  6:10  Zergling x2  
  91  6:11  Zergling x2  
  94  6:12  Zergling x2  
  94  6:13  Zergling x2  
  94  6:18  Zergling x2  
  97  6:19  Zerg Ground Armor Level 2  
  97  6:20  Zergling x4  
  97  6:21  Hatchery, Zergling x2  
  97  6:23  Centrifical Hooks  
  97  6:24  Zergling x2  
  97  6:25  Drone  
  100  6:27  Zergling x2  
  100  6:28  Extractor  
  100  6:29  Zergling x2  
  100  6:30  Zergling x2  
  102  6:33  Zergling x2  
  102  6:34  Zergling x2  
  102  6:35  Spore Crawler  
  102  6:36  Zergling x2  
  102  6:37  Drone x2  
  102  6:38  Extractor  
  106  6:40  Drone  
  106  6:44  Zergling x2  
  106  6:45  Zergling x4  
  106  6:46  Zergling x4  
  111  6:53  Baneling x4  
  111  6:54  Baneling x5  
  111  6:58  Drone  
  104  7:04  Drone  
  92  7:09  Drone x13  
  92  7:13  Zerg Melee Weapons Level 2  
  100  7:16  Hydralisk Den  
  100  7:17  Drone  
  100  7:18  Drone x5  
  100  7:19  Extractor  
  100  7:20  Zergling x2  
  100  7:21  Zergling x2  
  106  7:27  Zergling x2  
  106  7:28  Zergling x2  
  103  7:31  Zergling x2  
  103  7:32  Zergling x2  
  103  7:34  Drone  
  104  7:39  Zergling x2  
  104  7:40  Zergling x2  
  104  7:41  Zergling x2  
  104  7:42  Zergling x2  
  104  7:43  Zergling x2  
  104  7:44  Zergling x2  
  104  7:45  Zergling x2  
  104  7:47  Grooved Spines  
  104  7:48  Zergling x4  
  104  7:49  Zergling x2  
  105  7:51  Lurker Den, Zergling x2  
  105  7:52  Zergling x10  
  105  7:53  Baneling x10  
  105  7:54  Zergling x2  
  105  7:55  Zergling x2  
  105  7:57  Zergling x2  
  105  7:58  Extractor, Zergling x2, Hydralisk  
  113  8:02  Zergling x2  
  113  8:03  Queen x2  
  113  8:04  Zergling x2  
  121  8:06  Baneling x3, Zergling x2  
  121  8:07  Zergling x2  
  121  8:08  Zergling x2  
  121  8:11  Zergling x2  
  122  8:12  Zergling x2  
  122  8:16  Drone, Overseer  
  122  8:17  Overseer  
  122  8:18  Zergling x4  
  121  8:20  Hydralisk  
  121  8:26  Drone  
  124  8:27  Overlord x2  
  124  8:29  Overlord  
  124  8:33  Overlord  
  124  8:35  Zerg Missile Weapons Level 1  
  124  8:38  Overlord  
  124  8:45  Hydralisk x8  
  124  8:46  Zergling x2  
  124  8:48  Baneling x4, Hydralisk  
  138  8:57  Drone  
  138  8:58  Lurker  
  138  8:59  Drone x8  
  138  9:00  Infestation Pit  
  138  9:02  Extractor  
  146  9:05  Spore Crawler  
  146  9:06  Spore Crawler  
  146  9:09  Drone  
  145  9:10  Extractor  
  145  9:11  Lurker x2  
  145  9:13  Zergling x4  
  145  9:15  Zergling x2  
  149  9:18  Zergling x4, Spine Crawler x2  
  149  9:19  Zergling x2  
  149  9:21  Zergling x2  
  151  9:25  Drone  
  151  9:26  Hydralisk  
  151  9:28  Drone  
  151  9:31  Evolution Chamber  
  154  9:32  Extractor  
  154  9:33  Zergling x4  
  154  9:34  Lurker x2, Overlord  
  154  9:35  Queen  
  161  9:40  Hive  
  161  9:41  Overlord  
  157  9:52  Burrow  
  157  9:59  Zergling x2  
  156  10:03  Zergling x2  
  156  10:06  Zergling x2  
  154  10:07  Zergling x2  
  154  10:08  Zergling x2  
  154  10:09  Zergling x2  
  154  10:11  Drone  
  154  10:14  Zergling x2  
  154  10:15  Zergling x2  
  154  10:16  Zergling x2  
  154  10:19  Muscular Augments, Infestor x2  
  154  10:20  Drone  
  161  10:21  Zergling x4  
  161  10:27  Hydralisk  
  164  10:29  Hydralisk  
  164  10:33  Drone  
  155  10:36  Drone x2  
  155  10:37  Hydralisk x3  
  155  10:38  Hydralisk x2  
  155  10:39  Hydralisk  
  155  10:40  Zergling x2  
  155  10:42  Drone  
  152  10:44  Drone x2  
  152  10:45  Drone  
  152  10:46  Zergling x2  
  152  10:47  Zergling x4  
  152  10:48  Hydralisk  
  152  10:49  Hydralisk x3  
  164  10:50  Hydralisk x2  
  164  10:52  Zergling x4  
  171  10:59  Overlord  
  171  11:03  Hydralisk x2  
  165  11:06  Zergling x2  
  165  11:08  Lurker  
  165  11:10  Zergling x4  
  171  11:13  Zergling x2  
  171  11:15  Overlord  
  172  11:19  Zergling x2  
  172  11:20  Spore Crawler, Zergling x2  
  172  11:21  Spore Crawler  
  172  11:23  Zergling x2  
  172  11:24  Zergling x2  
  173  11:29  Zergling x2  
  173  11:31  Zergling x2  
  154  11:33  Zergling x20  
  154  11:34  Lurker  
  154  11:35  Lurker  
  154  11:37  Zergling x2  
  154  11:39  Zergling x2  
Tags
 
Add a new tag
Caveats
  • Supply blocks, unpowered buildings, or Contaminate may cause inaccurate times.
  • Supply counts are checked every 10 seconds.